 Dungeon Crawl Stone Soup version 0.20.1-1-g8b1a95d (webtiles) character file.

4 Folque the Magician (level 1, -3/12 HPs)
             Began as an Octopode Wizard on Nov 5, 2017.
             Slain by a kobold
             ... wielding a +2 vampiric short sword
              (4 damage)
             ... on level 1 of the Dungeon.
             The game lasted 00:00:34 (132 turns).

Folque the Magician (Octopode Wizard)                Turns: 132, Time: 00:00:34

Health: -3/12      AC:  1    Str:  6    XL:     1   Next: 60%
Magic:  1/4        EV: 13    Int: 20    God:
Gold:   5          SH:  0    Dex: 10    Spells: 5/6 levels left

rFire    . . .     SeeInvis .   i - +0 hand axe
rCold    . . .     Gourm    .   (no shield)
rNeg     . . .     Faith    .   a - +0 hat
rPois    .         Spirit   .   (no amulet)
rElec    .         Reflect  .   (no ring)
rCorr    .         Harm     .   (no ring)
MR       .....                  (no ring)
Stlth    +++.......             (no ring)
Regen    0.1/turn               (no ring)
MPRegen  0.1/turn               (no ring)
                                (no ring)
                                (no ring)

@: no status effects
A: almost no armour, stealthy swim, amphibious, 8 rings, constrict 8, camouflage
1, gelatinous body 1
a: no special abilities


You were on level 1 of the Dungeon.
You were not hungry.

You visited 1 branch of the dungeon, and saw 1 of its levels.

You collected 5 gold pieces.

Inventory:

Hand Weapons
 i - a +0 hand axe (weapon)
Armour
 a - a +0 hat (worn)
Scrolls
 d - a scroll of fear {unknown}
 e - a scroll of random uselessness {unknown}
 j - a scroll of teleportation {unknown}
Potions
 g - a potion of resistance {unknown}
 h - a potion of flight {unknown}
Books
 b - a book of Minor Magic

   Spells                             Type                      Level
   a - Magic Dart                     Conjuration                  1
   b - Blink                          Translocation                2
   c - Call Imp                       Summoning                    2
   d - Slow                           Hexes                        2
   e - Conjure Flame                  Conjuration/Fire             3
   f - Mephitic Cloud                 Conjuration/Poison/Air       3
Comestibles
 c - a bread ration
 f - a meat ration


   Skills:
 * Level 0.8 Fighting
 - Level 2.0 Dodging
 - Level 2.6 Stealth
 + Level 3.0 Spellcasting
 - Level 1.0 Conjurations
   Level 1.0 Summonings
   Level 1.0 Translocations


You had 5 spell levels left.
You knew the following spells:

 Your Spells              Type           Power        Failure   Level  Hunger
a - Magic Dart            Conj           #...         10%         1    None


Dungeon Overview and Level Annotations

Branches:
Dungeon (1/15)

Altars:


Innate Abilities, Weirdness & Mutations

You cannot wear most types of armour.
You are very stealthy in the water. (Stealth+)
You are amphibious.
You can wear up to eight rings at the same time.
You can use your tentacles to constrict eight enemies at once.
Your skin changes colour to match your surroundings (Stealth+).
Your rubbery body absorbs attacks. (AC +1, EV +1)


Message History

Casting: Magic Dart
Confirm with . or Enter, or press ? or * to list all spells.
Aiming: Magic Dart
Press: ? - help, Shift-Dir - straight line, f - kobold
Aim: a kobold, wielding a vampiric short sword The magic dart hits the kobold.
The kobold closely misses you.
Casting: Magic Dart
Confirm with . or Enter, or press ? or * to list all spells.
Aiming: Magic Dart
Press: ? - help, Shift-Dir - straight line, f/p - kobold
Aim: a kobold, wielding a vampiric short sword The magic dart hits the kobold.
The kobold barely misses you.
Casting: Magic Dart
Confirm with . or Enter, or press ? or * to list all spells.
Aiming: Magic Dart
Press: ? - help, Shift-Dir - straight line, f/p - kobold
Aim: a kobold, wielding a vampiric short sword The magic dart hits the kobold.
The kobold hits you with a vampiric short sword.
You die...

............. #..#
#..#)##...### #..#
..#.##...# # #..# #.
.......### #..# ##
#.###..... #..# #.#
#.#### #.. .. .....(.
#K# ##$# ##.....
#@##...# #####.
#.####....##### #.
#..........#....#####.
#.####.####.#.
#....... #.# ...
######. #.# #.# #. #.#
#.# #.
#.#####.#########.
#.................


You could see a kobold.

Vanquished Creatures
  3 jackals (D:1)
3 creatures vanquished.

Notes
Turn   | Place    | Note
-------+----------+-------------------------------------------
     0 | D:1      | Folque the Octopode Wizard began the quest for the Orb.
     0 | D:1      | Reached XP level 1. HP: 11/11 MP: 4/4
   132 | D:1      | Slain by a kobold

Action                   || total
-------------------------++-------
Melee: Hand axe          ||    12
       Constrict         ||     3
 Cast: Magic Dart        ||     4
 Stab: Sleeping          ||     1
Armor: Skin              ||     3
Dodge: Dodged            ||    14
